 Dungeon Crawl Stone Soup version 0.27-a0-604-g29a88b33a7 (webtiles) character file.

Game seed: 7816576329334275095

60 HendSelp the Chopper (level 3, 0/28 HPs)
             Began as a Demonspawn Gladiator on Mar 12, 2021.
             Succumbed to an adder's poison
             ... on level 2 of the Dungeon.
             The game lasted 00:01:12 (1386 turns).

HendSelp the Chopper (Demonspawn Gladiator)         Turns: 1386, Time: 00:01:12

Health: 0/28       AC:  4    Str: 15    XL:     3   Next: 82%
Magic:  3/3        EV: 12    Int:  9    God:
Gold:   96         SH:  0    Dex: 14    Spells: 2/2 levels left

rFire    . . .     SeeInvis .   a - +0 war axe
rCold    + . .     Faith    .   (no shield)
rNeg     . . .     Spirit   .   b - +0 leather armour
rPois    .         Reflect  .   c - +0 helmet
rElec    .         Harm     .   (no cloak)
rCorr    .         Rampage  .   (no gloves)
Will     .....                  (no boots)
Stlth    +.........             (no amulet)
HPRegen  0.09/turn              (no ring)
MPRegen  0.08/turn              (no ring)

@: mighty, lethally poisoned (0 -> -3), berserk cooldown, slowed, very slow
A: talons 1, cold resistance 1, MP-powered wands
a: no special abilities


You were on level 2 of the Dungeon.
You visited 1 branch of the dungeon, and saw 2 of its levels.

You collected 96 gold pieces.

Inventory:

Hand Weapons
 a - a +0 war axe (weapon)
Missiles
 d - 3 throwing nets (quivered)
Armour
 b - a +0 leather armour (worn)
 c - a +0 helmet (worn)
 j - a +0 chain mail
Jewellery
 m - a +6 ring of intelligence
Scrolls
 f - 3 scrolls of identify {unknown}
 i - a scroll of enchant armour {unknown}
 k - a scroll of magic mapping {unknown}
 l - a scroll of blinking {unknown}


   Skills:
 + Level 2.3 Fighting
 + Level 3.4 Axes
 + Level 2.0 Throwing
 * Level 0.8 Armour
 + Level 3.2 Dodging
 + Level 0.2 Stealth


You had 2 spell levels left.
You didn't know any spells.
Your spell library was empty.

Dungeon Overview and Level Annotations

Branches:
Dungeon (2/15)

Altars:


Innate Abilities, Weirdness & Mutations

You have sharp toenails.
Your flesh is cold resistant. (rC+)
You expend magic power (3 MP) to strengthen your wands.


Message History

* * * LOW HITPOINT WARNING * * *
The adder bites you but does no damage.
Unknown command.
Unknown command.
It was a potion of might.
You feel very mighty all of a sudden. The adder barely misses you.
It was a potion of mutation.
You feel extremely strange.
You feel your magical essence link to the dungeon's wands.
You feel resistant to cold.
* * * LOW HITPOINT WARNING * * *
You feel sick. The adder bites you but does no damage.
Unknown command.
It was a potion of berserk rage.
A red film seems to cover your vision as you go berserk!
You feel yourself moving faster!
You feel mighty! The adder closely misses you.
Unknown command.
You miss the adder. Your kick misses the adder.
The adder is severely wounded.
* * * LOW HITPOINT WARNING * * *
You feel sick. The adder bites you but does no damage.
The adder barely misses you.
Unknown command.
You slash the adder!
You kill the adder!
Unknown command.
Unknown command.
You see here a dart slug corpse.
You feel a strong urge to attack something.
* * * LOW HITPOINT WARNING * * *
You feel sick.
You see here a +0 dagger of speed.
You feel your anger nearly subside.
You are no longer berserk.
You are exhausted.
You feel yourself slow down.
You see here a +0 dagger of speed.
* * * LOW HITPOINT WARNING * * *
You feel sick.
You see here a dart slug corpse.
You die...

#####....... .
#........... ..
#........... ...
#..........# ....
#..........##
....#####............
.####....#..........#
.......@.†)...†.....#
#####....#†...†.....#
........###†#.######
...?..#### #.#.#
...... #.#.# ......
#.#.# .....
..#.###### .....
###......####
#..........


There were no monsters in sight!

Vanquished Creatures
  An adder (D:2)
  3 dart slugs
  6 bats
  2 giant cockroaches
  5 goblins
  3 hobgoblins (D:1)
  9 jackals
  6 kobolds
  4 frilled lizards
  2 rats (D:1)
41 creatures vanquished.

Notes
Turn   | Place    | Note
-------+----------+-------------------------------------------
     0 | D:1      | HendSelp the Demonspawn Gladiator began the quest for the
                  | Orb.
     0 | D:1      | Reached XP level 1. HP: 16/16 MP: 1/1
   170 | D:1      | Gained mutation: You have sharp toenails. [demonic
                  | ancestry]
   170 | D:1      | Reached XP level 2. HP: 22/22 MP: 2/2
   734 | D:1      | Reached XP level 3. HP: 26/27 MP: 3/3
  1376 | D:2      | Gained mutation: You expend magic power (3 MP) to
                  | strengthen your wands. [potion of mutation]
  1376 | D:2      | Gained mutation: Your flesh is cold resistant. (rC+)
                  | [potion of mutation]
  1381 | D:2      | HP: 2/42 [poisoned by an adder]
  1386 | D:2      | Succumbed to an adder's poison

Illustrated notes

Levels and vault maps discovered:
D:1:      lightli_arrival_noodles, layout_basic, kennysheep_nondescript,
          minmay_box_of_dots
D:2:      layout_basic, chequers_serial_rivers_micro_d

Skill      XL: |  1  2 |
---------------+-------+-----
Dodging        | 3 |  3.2
Throwing       | 2 |  2.0
Axes           | 3 |  3.4
Fighting       | |  2.3
Armour         | |  0.8
Stealth        | |  0.2

Action                   || total
-------------------------++-------
Melee: War axe           ||    93
       Kick              ||    13
  Use: Potion            ||     3
Armor: Leather armour    ||    46
Dodge: Dodged            ||    94

Table legend: (Time is in decaauts)
 A = Elapsed time spent in this place.
 B = Non-inter-level travel time spent in this place.
 C = Inter-level travel time spent in this place.
 D = Time resting spent in this place.
 E = Time spent auto-exploring this place.
 F = Levels seen in this place.
 G = Mean time per level.
                   A        B        C        D        E       F      G
               +--------+--------+--------+--------+--------+-----+--------+
         Total |   1417 |   1367 |     50 |      0 |   1145 |   2 |  708.5 |
       Dungeon |   1417 |   1367 |     50 |      0 |   1145 |   2 |  708.5 |
               +--------+--------+--------+--------+--------+-----+--------+

Top non-repeatable levels by time:
     D:1: 890 daAuts
     D:2: 527 daAuts
